 Dungeon Crawl Stone Soup version 0.18.1-48-g4cf74bf (webtiles) character file.

16746 theElss the Arsonist (level 12, -1/66 HPs)
             Began as a High Elf Conjurer on Aug 26, 2016.
             Was an Elder of Vehumet.
             Slain by a polar bear (21 damage)
             ... in an ice cave.
             The game lasted 01:19:03 (16758 turns).

theElss the Arsonist (High Elf Conjurer)           Turns: 16758, Time: 01:19:05

Health: -1/66      AC: 10    Str:  4    XL:     12   Next: 12%
Magic:  8/26       EV: 13    Int: 27    God:    Vehumet [****..]
Gold:   274        SH:  7    Dex: 17    Spells: 7 memorised, 8 levels left

rFire  . . .     SeeInvis .     i - +5 dagger (speed)
rCold  + . .     Gourm    .     S - +0 leather armour (curse)
rNeg   . . .     Faith    .     L - +0 buckler
rPois  .         Spirit   .     H - +1 helmet "Xennag Kouc" {Slay+5}
rElec  .         Dismiss  .     V - +2 cloak {+Inv}
rCorr  .         Reflect  .     U - +0 pair of gloves (curse)
SustAt .         Harm     .     T - +0 pair of boots
MR     +....                    x - amulet "Waph" {RegenMP Str-5 Int+5}
Stlth  +++.......               B - ring of stealth
                                N - ring of protection from cold

@: somewhat resistant to hostile enchantments, fairly stealthy
A: no striking features
a: Renounce Religion, Evoke Invisibility


You were in an ice cave.
You worshipped Vehumet.
Vehumet was greatly pleased with you.
You were very hungry.

You visited 3 branches of the dungeon, and saw 12 of its levels.
You also visited: Ice Cave.

You collected 800 gold pieces.
You spent 526 gold pieces at shops.

Inventory:

Hand Weapons
 i - a +5 dagger of speed (weapon)
 u - a +2 dagger of protection
Armour
 a - a +0 robe
 H - the +1 helmet "Xennag Kouc" (worn) {Slay+5}
   (You bought it in a shop on level 6 of the Dungeon)

   It affects your accuracy and damage with ranged weapons and melee attacks
   (+5).
 L - a +0 buckler (worn)
 S - a cursed +0 leather armour (worn)
 T - a +0 pair of boots (worn)
 U - a cursed +0 pair of gloves (worn)
 V - a +2 cloak of invisibility (worn)
Jewellery
 p - an uncursed amulet of faith {unknown}
 r - an uncursed ring of resist corrosion
 x - the amulet "Waph" (around neck) {RegenMP Str-5 Int+5}
   (You found it on level 6 of the Dungeon)

   [amulet of magic regeneration]

   It increases your magic regeneration.
   It affects your strength (-5).
   It affects your intelligence (+5).
 B - a ring of stealth (right hand)
 I - an uncursed amulet of rage
 N - a ring of protection from cold (left hand)
Wands
 j - a wand of paralysis (13/24)
 F - a wand of flame (16/48)
 M - a wand of flame (36/48)
 Q - a wand of lightning (10/15)
 W - a wand of polymorph (10/24)
Scrolls
 d - 2 scrolls of amnesia
 g - a scroll of recharging
 l - a scroll of immolation
 o - 2 scrolls of teleportation
 q - a scroll of fog
 s - 7 scrolls of remove curse
 w - 2 scrolls of enchant weapon
 y - 3 scrolls of magic mapping
 D - a scroll of brand weapon {unknown}
 G - a scroll of blinking {unknown}
 J - a scroll of enchant armour {unknown}
 P - a scroll of random uselessness {unknown}
 X - a scroll of summoning {unknown}
Potions
 e - 2 potions of heal wounds
 h - 4 potions of curing
 m - a potion of magic
 n - 2 potions of brilliance
 t - a potion of resistance
 z - a potion of ambrosia
 C - 3 potions of lignification
 O - a potion of cancellation {unknown}
Books
 b - a book of Conjurations

   Spells                             Type                      Level
   a - Magic Dart                     Conjuration                  1
   b - Searing Ray                    Conjuration                  2
   c - Dazzling Spray                 Conjuration/Hexes            3
   d - Fulminant Prism                Conjuration/Hexes            4
   e - Iskenderun's Mystic Blast      Conjuration                  4
   f - Iskenderun's Battlesphere      Conjuration/Charms           5
 E - a book of Battle

   Spells                             Type                      Level
   a - Infusion                       Charms                       1
   b - Shroud of Golubria             Charms/Translocation         2
   c - Song of Slaying                Charms                       2
   d - Spectral Weapon                Hexes/Charms                 3
   e - Regeneration                   Charms/Necromancy            3
 R - a book of Fire

   Spells                             Type                      Level
   a - Ignite Poison                  Fire/Transmutation/Poison    3
   b - Fireball                       Conjuration/Fire             5
   c - Bolt of Fire                   Conjuration/Fire             6
   d - Delayed Fireball               Conjuration/Fire             7
   e - Ring of Flames                 Charms/Fire                  7
Comestibles
 c - 9 bread rations
 f - 3 meat rations
 k - 3 slices of pizza
 v - 14 fruits
 A - 2 chunks of flesh
 K - a beef jerky


   Skills:
 - Level 1.0 Short Blades
 - Level 4.7 Dodging
 - Level 2.1 Stealth
 - Level 9.4 Shields
 - Level 9.5 Spellcasting
 - Level 10.5 Conjurations
 * Level 11.4 Fire Magic


You had 8 spell levels left.
You knew the following spells:

 Your Spells              Type           Power        Failure   Level  Hunger
a - Magic Dart            Conj           ####         1%          1    None
b - Iskenderun's Battles  Conj/Chrm      #####...     8%          5    ####...
c - Searing Ray           Conj           ######       1%          2    None
d - Iskenderun's Mystic   Conj           ######..     1%          4    None
e - Throw Flame           Conj/Fire      ######       1%          2    None
f - Fireball              Conj/Fire      ######....   1%          5    ####...
g - Stone Arrow           Conj/Erth      #####.       1%          3    None


Dungeon Overview and Level Annotations

Branches:
Dungeon (9/15)             Temple (1/1) D:5            Lair (2/8) D:9
    Orc: D:9-12

Altars:
Ashenzari
Cheibriados
Dithmenos
Elyvilon
Fedhas
Gozag
Kikubaaqudgha
Makhleb
Nemelex Xobeh
Okawaru
Pakellas
Qazlal
Ru
Sif Muna
Trog
Vehumet
Xom
Yredelemnul
Zin
The Shining One

Shops:
D:6 [   D:7 *   D:8 (


Message History

The polar bear claws you.
You barely miss the polar bear.
The polar bear is severely wounded.
The polar bear barely misses you. The polar bear misses you.
The polar bear claws you but does no damage.
You hit the polar bear.
The polar bear is severely wounded.
You hit the polar bear but do no damage.
The polar bear is severely wounded.
The polar bear bites you! The polar bear closely misses you.
The polar bear claws you but does no damage.
The polar bear bites you! The polar bear barely misses you.
You block the polar bear's attack.
Eat one of 3 chunks of flesh? (ye/n/q/i?) This raw flesh tastes terrible.
You are feeling very hungry.
The polar bear closely misses you. You block the polar bear's attack.
The polar bear claws you but does no damage.
The polar bear bites you!!
You die...

.##..# #.##
##.#..## ....##
#..# #.##..#
...##.##.##
#####.## #### #.#.#
#.#...# # ###...#
####.##.# #.#..##
##.#####.# ##...##
#...###..# #...##
##..h*##.## ##÷###
#...#@#..# #.##
###†.##...## ##.#
#...####..#
.#.##### #..## #.##
≈# .#.##..###.##
### ≈#
###.#...##..# ###
≈# # #......##.##
####.## ≈# #
####[..##h.#
##.#...# ##≈# ##
#.⌠.###.####....#≈#
#≈≈#


You could see a polar bear (berserk) and a friendly battlesphere.

Vanquished Creatures
  A hydra (D:8)
  A death yak (IceCv)
  The ghost of dvd the Arsonist, a journeyman DEFE of Vehumet (Lair:2)
  Pikel (D:7)
  Maurice (D:9)
  An ice statue (IceCv)
  A komodo dragon (Lair:2)
  8 polar bears (IceCv)
  5 blink frogs (Lair:1)
  A vampire (D:8)
  24 yaks
  A wyvern (D:8)
  2 hippogriffs (D:8)
  2 hungry ghosts
  Edmund (D:5)
  A water moccasin (Lair:2)
  A hell hound (D:9)
  2 porcupines (Lair:1)
  2 orc warriors (D:8)
  2 sky beasts
  A necrophage (D:3)
  6 ogres
  3 slaves (D:7)
  15 wolves (IceCv)
  5 centaurs
  4 crocodiles
  Blork the orc (D:5)
  10 big kobolds
  3 giant frogs
  A wyvern skeleton (D:8)
  4 scorpions
  The ghost of chinuro the Shield-Bearer, a weakling MiFi (D:3)
  3 wights (D:6)
  4 howler monkeys
  4 crimson imps
  2 giant frog zombies
  7 orc priests
  A giant frog skeleton (D:5)
  A hound (D:4)
  13 orc wizards
  Jessica (D:2)
  6 iguanas
  Ijyb (D:3)
  Terence (D:2)
  2 worker ants
  4 sheep (Lair:1)
  A worker ant zombie (D:8)
  7 gnolls
  A howler monkey skeleton (D:7)
  13 adders
  3 river rats (Lair:2)
  A shadow imp (D:7)
  12 white imps (Lair:2)
  An ooze (D:5)
  2 worms
  3 dart slugs
  10 giant geckos
  39 orcs
  A ball python (D:3)
  6 bats
  A bat zombie (D:9)
  7 giant cockroaches
  10 goblins
  12 hobgoblins
  15 jackals
  6 quokkas
  2 giant gecko skeletons
  6 giant newts
  A jackal skeleton (D:4)
  19 kobolds
  A quokka zombie (D:5)
  4 rats
  A rat zombie (D:9)
348 creatures vanquished.

Vanquished Creatures (others)
  A shadow imp (D:8)
  A fungus (Lair:1)
  A plant (Lair:1)
3 creatures vanquished.

Grand Total: 351 creatures vanquished

Notes
Turn   | Place    | Note
--------------------------------------------------------------
     0 | D:1      | theElss the High Elf Conjurer began the quest for the Orb.
     0 | D:1      | Reached XP level 1. HP: 11/11 MP: 4/4
   519 | D:1      | Reached XP level 2. HP: 17/17 MP: 0/6
   579 | D:1      | Learned a level 2 spell: Searing Ray
   954 | D:2      | Noticed Terence
   966 | D:2      | Reached skill level 5 in Conjurations
  1040 | D:1      | Reached XP level 3. HP: 21/21 MP: 6/8
  1063 | D:2      | Noticed Jessica
  1140 | D:2      | Killed Terence
  1279 | D:2      | Killed Jessica
  1279 | D:2      | Reached XP level 4. HP: 27/27 MP: 0/10
  2062 | D:2      | Learned a level 4 spell: Iskenderun's Mystic Blast
  2171 | D:3      | Noticed chinuro's ghost (weakling MiFi)
  2242 | D:3      | Reached XP level 5. HP: 31/31 MP: 8/11
  2768 | D:3      | Noticed Ijyb
  2790 | D:3      | Killed Ijyb
  3172 | D:3      | Noticed an ogre
  3304 | D:2      | You fall through a shaft!
  3561 | D:4      | Reached XP level 6. HP: 36/36 MP: 10/13
  3961 | D:4      | Reached skill level 5 in Spellcasting
  4255 | D:3      | Reached XP level 7. HP: 41/41 MP: 5/16
  5181 | D:4      | Reached XP level 8. HP: 46/46 MP: 8/19
  5338 | D:4      | Found a deep blue altar of Sif Muna.
  5505 | D:5      | Entered Level 5 of the Dungeon
  5742 | D:5      | Learned a level 5 spell: Iskenderun's Battlesphere
  5793 | D:5      | Noticed Edmund
  6077 | D:5      | Found a staircase to the Ecumenical Temple.
  6086 | Temple   | Entered the Ecumenical Temple
  6149 | Temple   | Became a worshipper of Vehumet
  6275 | D:5      | Killed Edmund
  6381 | D:5      | Noticed Blork the orc
  6386 | D:5      | Killed Blork the orc
  7406 | D:6      | Found a stormy altar of Qazlal.
  7408 | D:6      | Got a shimmering silver amulet
  7409 | D:6      | Identified the amulet "Waph" {RegenMP Str-5 Int+5} (You found it on level 6 of the Dungeon)
  7877 | D:6      | Found Ehoader's Antique Armour Shoppe.
  7884 | D:6      | Bought a translucent helmet for 199 gold pieces
  8172 | D:7      | Noticed Pikel
  8257 | D:6      | Reached skill level 10 in Conjurations
  8257 | D:6      | Reached XP level 9. HP: 51/51 MP: 10/22
  8614 | D:7      | Identified the +1 helmet "Xennag Kouc" {Slay+5} (You bought it in a shop on level 6 of the Dungeon)
  8619 | D:7      | Found Joegh's General Store.
  8627 | D:7      | Bought a +0 buckler for 45 gold pieces
  8805 | D:7      | Reached skill level 1 in Short Blades
  8933 | D:7      | Reached skill level 1 in Shields
  9356 | D:8      | Found Eloseu's Antique Weapon Emporium.
  9364 | D:8      | Noticed a four-headed hydra
  9441 | D:8      | Found a white marble altar of Elyvilon.
  9496 | D:8      | Found an oddly glowing altar of Pakellas.
  9637 | D:8      | Reached * piety under Vehumet
  9637 | D:8      | Offered knowledge of Sting by Vehumet.
 10098 | D:8      | Found an iron altar of Okawaru.
 10131 | D:8      | Found a bloodstained altar of Trog.
 10131 | D:8      | Found a basalt altar of Yredelemnul.
 10378 | D:9      | Reached skill level 5 in Shields
 10745 | D:9      | Found a shattered altar of Ashenzari.
 10808 | D:8      | Found a shimmering altar of Xom.
 10808 | D:8      | Found a snail-covered altar of Cheibriados.
 10808 | D:8      | Found an iron altar of Okawaru.
 10878 | D:9      | Found a staircase to the Lair.
 10881 | D:9      | Reached XP level 10. HP: 33/56 MP: 13/24
 11221 | D:9      | Noticed Maurice
 11227 | D:9      | Killed Maurice
 11508 | D:9      | Found a sacrificial altar of Ru.
 11573 | D:9      | Reached ** piety under Vehumet
 11573 | D:9      | Offered knowledge of Shock by Vehumet.
 11681 | D:9      | Found an ancient bone altar of Kikubaaqudgha.
 12253 | D:7      | Killed Pikel
 12287 | D:6      | Bought a pair of boots for 94 gold pieces
 12287 | D:6      | Bought a pair of gloves for 94 gold pieces
 12287 | D:6      | Bought a runed cloak for 94 gold pieces
 12747 | D:8      | Killed a four-headed hydra
 12910 | D:8      | Found a blossoming altar of Fedhas.
 13044 | D:8      | Offered knowledge of Throw Flame by Vehumet.
 13059 | D:8      | Learned a level 2 spell: Throw Flame
 13286 | D:7      | Found Joegh's General Store.
 13293 | D:7      | Reached skill level 1 in Fire Magic
 13880 | D:3      | Killed chinuro's ghost
 14119 | Lair:1   | Entered Level 1 of the Lair of Beasts
 14125 | Lair:1   | Reached skill level 2 in Fire Magic
 14229 | Lair:1   | Reached *** piety under Vehumet
 14298 | Lair:1   | Learned a level 5 spell: Fireball
 14363 | Lair:1   | Reached skill level 3 in Fire Magic
 14621 | Lair:1   | Reached skill level 4 in Fire Magic
 14621 | Lair:1   | Reached XP level 11. HP: 61/61 MP: 18/25
 14663 | Lair:1   | Reached skill level 5 in Fire Magic
 14992 | Lair:1   | Offered knowledge of Conjure Flame by Vehumet.
 14992 | Lair:1   | Reached skill level 6 in Fire Magic
 15465 | Lair:2   | Noticed dvd's ghost (journeyman DEFE)
 15471 | Lair:2   | Killed dvd's ghost
 15471 | Lair:2   | Reached skill level 7 in Fire Magic
 15558 | Lair:2   | Found a frozen archway.
 15562 | Lair:2   | Reached **** piety under Vehumet
 15579 | IceCv    | Entered an ice cave
 15593 | IceCv    | Reached skill level 8 in Fire Magic
 15869 | IceCv    | Reached skill level 9 in Fire Magic
 15939 | IceCv    | Offered knowledge of Stone Arrow by Vehumet.
 15944 | IceCv    | Learned a level 3 spell: Stone Arrow
 16160 | IceCv    | Noticed a death yak
 16178 | IceCv    | Killed a death yak
 16178 | IceCv    | Reached skill level 10 in Fire Magic
 16552 | IceCv    | Reached XP level 12. HP: 66/66 MP: 17/26
 16554 | IceCv    | Reached skill level 11 in Fire Magic
 16696 | IceCv    | Noticed a frost giant
 16758 | IceCv    | Slain by a polar bear

Skill      XL: |  1  2  3  4  5  6  7  8  9 10 11 12 |
---------------+-------------------------------------+-----
Conjurations   | 5 6 7 8 10 | 10.5
Spellcasting   | 3 4 5 6 8 9 |  9.5
Dodging        | 3 4 |  4.7
Short Blades   | 1 |  1.0
Shields        | 6 9 |  9.4
Fire Magic     | 4 10 11 | 11.4
Stealth        | |  2.1

Action                   |  1- 3 |  4- 6 |  7- 9 | 10-12 || total
-------------------------+-------+-------+-------+-------++-------
Melee: Unarmed           |    10 |       |       |       ||    10
       Dagger            |     4 |     9 |     4 |    44 ||    61
 Cast: Magic Dart        |    55 |   117 |   219 |   170 ||   561
       Searing Ray       |       |    11 |    28 |     9 ||    48
       Iskenderun's Myst |       |     8 |    65 |    62 ||   135
       Iskenderun's Batt |       |       |     1 |    46 ||    47
       Fireball          |       |       |       |    69 ||    69
       Throw Flame       |       |       |       |     7 ||     7
  Use: Scroll            |       |       |    13 |     5 ||    18
  Eat: Chunk             |     1 |    10 |    20 |    32 ||    63
       Beef jerky        |       |       |     2 |       ||     2
       Meat ration       |       |       |     1 |       ||     1
       Fruit             |       |       |       |     3 ||     3
Armor: Robe              |     5 |     1 |     7 |    19 ||    32
       Leather armour    |       |       |       |    22 ||    22
Dodge: Dodged            |    16 |    18 |    41 |    85 ||   160
Block: Buckler           |       |       |     9 |    47 ||    56
